 Dungeon Crawl Stone Soup version 0.31.0-32-g396128a36d (webtiles) character file.

Game seed: 11938338208927481749

3990 cdecastro the Basher (level 10, -4/70 (73) HPs)
             Began as an Armataur Warper on Mar 15, 2024.
             Was an Elder of Cheibriados.
             Killed from afar by an acid dragon (29 damage)
             ... with a splash of acid
             ... on level 8 of the Dungeon on Mar 16, 2024.
             The game lasted 00:18:40 (9978 turns).

cdecastro the Basher (Armataur Warper)              Turns: 9978, Time: 00:18:41

HP:   -4/70 (73)    AC: 11    Str: 30    XL:     10   Next: 3%
MP:   12/12         EV:  9    Int: 31    God:    Cheibriados [****..]
Gold: 415           SH:  0    Dex: 25    Spells: 1/12 levels left

rFire   + + .        c - +3 flail
rCold   + . .        (no shield)
rNeg    . . .        H - +2 ring mail {rF+}
rPois   .            (no helmet)
rElec   .            f - scarf {rC+ rF+}
rCorr   .            (no gloves)
SInv    .            (no barding)
Will    .....        (no amulet)
Stlth   +            w - ring of Dogizeiczo {Str+5 Int+4 Dex+6}
HPRegen 0.31/turn    q - +4 ring of protection
MPRegen 0.13/turn

%: roll
@: lightly drained, very slow
A: large, deformed body, tough skin 3, armoured tail, roll 2
a: Renounce Religion, Bend Time, Temporal Distortion, Slouch


You were on level 8 of the Dungeon.
You worshipped Cheibriados.
Cheibriados was greatly pleased with you.
You visited 2 branches of the dungeon, and saw 9 of its levels.

You collected 415 gold pieces.

Inventory:

Hand Weapons
 c - a +3 flail (weapon)
 x - a +0 flail of holy wrath
 E - a +0 mace of protection
Missiles
 d - 7 darts of dispersal
 j - 2 boomerangs
 K - 3 poisoned darts (quivered)
Armour
 f - a scarf of resistance (worn)
 g - a +0 scale mail
 o - a +0 helmet
 p - a +0 plate armour
 r - a +2 hat
 D - a +0 chain mail
 H - a +2 ring mail of fire resistance (worn)
Jewellery
 i - a ring of protection from fire
 q - a +4 ring of protection (right hand)
 w - the ring of Dogizeiczo (left hand) {Str+5 Int+4 Dex+6}
   (You found it on level 3 of the Dungeon)

   [ring of dexterity]

   Str+5:     It affects your strength (+5).
   Int+4:     It affects your intelligence (+4).
   Dex+6:     It affects your dexterity (+6).
 M - a ring of positive energy
Talismans
 F - a talisman of death
Wands
 t - a wand of polymorph (9)
 z - a wand of paralysis (9)
 C - a wand of flame (5)
Scrolls
 a - a scroll of identify
 b - a scroll of fog {unknown}
 e - 3 scrolls of amnesia
 l - a scroll of brand weapon {unknown}
 u - 2 scrolls of vulnerability {unknown}
 v - 2 scrolls of noise {unknown}
 y - 2 scrolls of poison {unknown}
 B - a scroll of acquirement {unknown}
 L - 2 scrolls of teleportation {unknown}
Potions
 h - 4 potions of haste
 k - 3 potions of enlightenment
 m - 3 potions of brilliance
 n - a potion of berserk rage {unknown}
 s - 4 potions of curing
 A - 3 potions of might
 G - 2 potions of mutation {unknown}
 I - a potion of heal wounds {unknown}
 J - a potion of lignification {unknown}


   Skills:
 - Level 1.7 Fighting
 * Level 11.0 Maces & Flails
 - Level 0.8 Throwing
 - Level 1.2 Armour
 - Level 1.3 Dodging
 - Level 1.7 Spellcasting
 + Level 9.0 Translocations


You had one spell level left.
You knew the following spells:

 Your Spells              Type           Power      Damage    Failure   Level
a - Blink                 Tloc           100%       N/A       1%          2
b - Lesser Beckoning      Tloc           100%       N/A       1%          2
c - Teleport Other        Tloc           56%        N/A       1%          3
d - Manifold Assault      Tloc           56%        N/A       2%          4

Your spell library contained the following spells:

 Spells                   Type           Power      Damage    Failure   Level
 Magic Dart               Conj           8%         1d3       11%         1
 Call Imp                 Summ           4%         N/A       16%         2
 Ensorcelled Hibernation  Hex/Ice        4%         N/A       16%         2
 Vhi's Electric Charge    Tloc/Air       60%        N/A       17%         4
 Passwall                 Erth           2%         N/A       32%         3
 Swiftness                Air            2%         N/A       32%         3


Dungeon Overview and Level Annotations

Branches:
Dungeon (8/15)             Temple (1/1) D:4
   Lair: D:8-11

Altars:
Ashenzari
Cheibriados
Elyvilon
Fedhas
Gozag
Hepliaklqana
Kikubaaqudgha
Makhleb
Nemelex Xobeh
Okawaru
Qazlal
Sif Muna
Trog
Uskayaw
Vehumet
Wu Jian
Xom
Zin
The Shining One


Innate Abilities, Weirdness & Mutations

Armour fits poorly on your strangely shaped body.
You have extremely tough skin. (AC +3)
You have a long armoured tail.
You regenerate magic and health when rolling toward enemies. (Rampage Regen)


Message History

The gnoll sergeant hits you with a +0 spear!
You sock the gnoll sergeant!
You kill the gnoll sergeant!
Cheibriados appreciates the change of pace.
Your Maces & Flails skill increases to level 11!
Items here: ) [[ †.
A gnoll comes into view.
It is wielding a +0 club and quivering poisoned darts.
Items here: ) [[ †.
A gnoll comes into view. It is wielding a +0 spear.
The gnoll throws a poisoned dart.
The poisoned dart barely misses you.
The gnoll shouts!
You hit the gnoll. You tail-slap the gnoll.
The gnoll is almost dead.
You hear a shout!
The gnoll hits you with a +0 club.
You thump the gnoll!
You kill the gnoll!
Cheibriados appreciates the change of pace.
You roll towards the gnoll!
A gnoll comes into view. It is wielding a +0 club.
The gnoll shouts!
The gnoll hits you but does no damage.
You closely miss the gnoll. The gnoll hits you but does no damage.
You sock the gnoll!
The gnoll is almost dead.
The gnoll closely misses you.
You sock the gnoll!
You kill the gnoll!
Cheibriados appreciates the change of pace.
You can now inflict damage on those overly hasty.
Cheibriados raises the support of your attributes as your movement slows.
The acid dragon spits acid at you. The splash of acid hits you!!
* * * LOW HITPOINT WARNING * * *
A gnoll comes into view. It is wielding a +0 halberd.
You hear a shout!
There is a stone staircase leading up, spattered with blood here.
The acid dragon spits acid at you. The splash of acid hits you!!
You die...

.. ....###.#..#...####.#
....8#..#..#......#.#
....###.#..#.#.##.#.#
...8###.#....#..#.#.# #_#
#.##.#....#.#.####
###########......#..#.#....#
+.....'........#.#..#.#.##.#
#.....#........#.#..#.#.##.#
......>......#)#@#..#.#.##.#
#.####......D.......#.#.##.#
#.# ...)...#.#)#.##.#.####.#
#.#.#......#.#.#[##....÷...#
#.# #.)....#.#)#.####.######
#.# #........#.#...)..# #.#
#......#.#.######## #..
#....#.###.# ..#
.......g...#


You could see an acid dragon (catching breath).

Vanquished Creatures
  Jeremiah (D:7)
  Grinder (D:4)
  5 yaks (D:7)
  2 sky beasts
  An ice beast (D:5)
  A centaur (D:7)
  2 phantoms
  A kobold brigand (D:7)
  3 gnoll sergeants
  4 scorpions
  4 bullfrogs
  7 wights
  3 electric eels (D:4)
  4 hounds
  6 jellies
  3 bombardier beetles
  3 orc priests
  A gnoll bouda (D:7)
  5 iguanas
  4 orc wizards
  A sleepcap (D:6)
  11 gnolls
  4 adders
  3 white imps
  4 ufetubi
  3 dart slugs
  3 ribbon worms
  33 orcs
  7 endoplasms
  7 giant cockroaches
  7 goblins
  6 hobgoblins
  6 jackals (D:2)
  3 quokkas
  4 ball pythons
  2 bats
  6 frilled lizards
  9 kobolds
  9 rats
189 creatures vanquished.

Vanquished Creatures (others)
  2 adders (D:6)
2 creatures vanquished.

Grand Total: 191 creatures vanquished

Notes
Turn   | Place    | Note
-------+----------+-------------------------------------------
     0 | D:1      | cdecastro the Armataur Warper began the quest for the Orb.
     0 | D:1      | Reached XP level 1. HP: 17/17 MP: 3/3
    46 | D:1      | Reached skill level 2 in Maces & Flails
   104 | D:1      | Reached XP level 2. HP: 24/24 MP: 4/4
   109 | D:1      | You fall into a shaft and drop 1 floor!
   365 | D:1      | Reached XP level 3. HP: 24/29 MP: 5/5
   900 | D:2      | Reached skill level 3 in Maces & Flails
  1198 | D:2      | Found a faded altar of an unknown god.
  1248 | D:2      | Prayed at the altar of an unknown god.
  1248 | D:2      | Became a worshipper of Vehumet
  1248 | D:2      | Reached * piety under Vehumet
  1248 | D:2      | Offered knowledge of Foxfire by Vehumet.
  1744 | D:3      | Reached XP level 4. HP: 19/36 MP: 6/6
  2242 | D:3      | Identified the ring of Dogizeiczo {Str+5 Int+4 Dex+6}
  2316 | D:4      | Found a staircase to the Ecumenical Temple.
  2339 | Temple   | Entered the Ecumenical Temple
  2443 | Temple   | Reached skill level 4 in Maces & Flails
  2461 | Temple   | Fell from the grace of Vehumet
  2461 | Temple   | Became a worshipper of Cheibriados the Contemplative
  2490 | D:4      | Reached XP level 5. HP: 27/41 MP: 7/7
  2552 | D:4      | Found a transporter.
  2726 | D:4      | Found a transporter.
  3167 | D:4      | Paralysed by an orc for 4 turns
  3234 | D:4      | Reached XP level 6. HP: 17/48 MP: 8/8
  3363 | D:4      | Reached * piety under Cheibriados
  3364 | D:4      | Reached skill level 5 in Maces & Flails
  3955 | D:4      | Reached skill level 5 in Translocations
  4351 | D:4      | Learned a level 2 spell: Blink
  4354 | D:4      | Learned a level 2 spell: Lesser Beckoning
  4358 | D:4      | Learned a level 3 spell: Teleport Other
  4663 | D:4      | Gained mutation: You regenerate magic and health when
                  | rolling toward enemies. (Rampage Regen) [Armataur growth]
  4663 | D:4      | Reached XP level 7. HP: 42/53 MP: 9/9
  4702 | D:4      | Reached skill level 6 in Maces & Flails
  4898 | D:5      | Entered Level 5 of the Dungeon
  5162 | Temple   | HP: 1/53 [orc/+0 flail (5)]
  5375 | D:5      | Noticed Grinder
  5390 | D:5      | Was forgiven by Vehumet
  5489 | D:4      | Paralysed by Grinder for 5 turns
  5608 | D:4      | Paralysed by Grinder for 3 turns
  5642 | D:4      | Paralysed by Grinder for 5 turns
  5705 | D:4      | Paralysed by Grinder for 5 turns
  5715 | D:4      | Paralysed by Grinder for 2 turns
  5733 | D:4      | Paralysed by Grinder for 4 turns
  5746 | D:4      | Killed Grinder
  5747 | D:4      | Reached skill level 7 in Maces & Flails
  5914 | D:5      | Reached XP level 8. HP: 55/60 MP: 10/10
  6404 | D:5      | Reached ** piety under Cheibriados
  6542 | D:5      | Reached skill level 8 in Maces & Flails
  6828 | D:5      | Found a white marble altar of Elyvilon.
  7094 | D:6      | Found a sparkling altar of Nemelex Xobeh.
  7433 | D:6      | Reached *** piety under Cheibriados
  7619 | D:6      | Reached skill level 9 in Maces & Flails
  7640 | D:6      | Found a hazy altar of Hepliaklqana.
  7840 | D:6      | Reached XP level 9. HP: 54/67 MP: 11/11
  8042 | D:7      | Noticed Jeremiah
  8168 | D:7      | Killed Jeremiah
  8507 | D:7      | Reached skill level 10 in Maces & Flails
  8523 | D:7      | HP: 3/67 [yak (5)]
  9345 | D:8      | Learned a level 4 spell: Manifold Assault
  9845 | D:8      | Found an ancient bone altar of Kikubaaqudgha.
  9846 | D:8      | Found a broken altar of Ashenzari.
  9896 | D:7      | Reached XP level 10. HP: 61/70 MP: 12/12
  9966 | D:8      | Reached skill level 11 in Maces & Flails
  9975 | D:8      | Reached **** piety under Cheibriados
  9978 | D:8      | Killed from afar by an acid dragon

Illustrated notes

Levels and vault maps discovered:
D:1:      evilmike_arrival_fibonacci_small, layout_basic
D:2:      minmay_chambers_of_twos, layout_basic,
          hellmonk_ecumenical_altar_defaced_shrine
D:3:      layout_loops_cross
D:4:      gammafunk_steamed_eel, layout_cave_pods,
          minmay_temple_entry_mini_moons, kennysheep_orc_chapel
D:5:      layout_loops_ring, elyvilon_altar_5, uniq_grinder
D:6:      layout_rooms, lemuel_coloured_pillars_altar, lemuel_round_altar,
          lemuel_flamethrower_2
D:7:      layout_gridville, grunt_ministairs_7, kennysheep_generic_room_4,
          uniq_jeremiah
D:8:      layout_basic, nicolae_overflow_hidden_temple, minmay_misc_feat_cross,
          kennysheep_generic_room_11
Temple:   nicolae_temple_bog_church

Skill      XL: |  1  2  3  4  5  6  7  8  9 10 |
---------------+-------------------------------+-----
Maces & Flails | 2 3 4 5 7 9 10 11 | 11.0
Translocations | 4 5 6 7 9 |  9.0
Fighting       | |  1.7
Throwing       | |  0.8
Armour         | |  1.2
Dodging        | |  1.3
Spellcasting   | |  1.7

Action                     |  1- 3 |  4- 6 |  7- 9 | 10-12 || total
---------------------------+-------+-------+-------+-------++-------
  Melee: Mace              |   159 |   175 |   420 |       ||   754
         Tailslap          |    14 |    24 |    96 |     2 ||   136
         Punch             |       |     2 |     7 |       ||     9
         Unarmed           |       |       |    21 |       ||    21
         Flail             |       |       |    25 |    14 ||    39
   Cast: Lesser Beckoning  |       |       |     2 |       ||     2
         Blink             |       |       |     3 |       ||     3
         Teleport Other    |       |       |     1 |       ||     1
 Invoke: Bend Time         |       |       |     3 |       ||     3
  Evoke: Wand              |       |     2 |     9 |       ||    11
    Use: Scroll            |       |     1 |     9 |       ||    10
   Stab: Paralysed         |       |       |     5 |       ||     5
 Armour: Leather armour    |     8 |       |       |       ||     8
         Scale mail        |   106 |       |       |       ||   106
         Plate armour      |    18 |   239 |    16 |       ||   273
         Chain mail        |       |       |   202 |       ||   202
         Skin              |       |       |     8 |       ||     8
         Ring mail         |       |       |   179 |    12 ||   191
  Dodge: Dodged            |    83 |    36 |   161 |     5 ||   285
